 Dungeon Crawl Stone Soup version 0.24.1 (webtiles) character file.

Game seed: 6674638659576210600, levelgen mode: deterministic

123 Destapler the Charmwright (level 4, 0/34 HPs)
             Began as a Vampire Skald on Mar 28, 2020.
             Killed by divine providence
             ... invoked by an orc priest
              (15 damage)
             ... on level 3 of the Dungeon.
             The game lasted 00:08:32 (1732 turns).

Destapler the Charmwright (Vampire Skald)           Turns: 1732, Time: 00:08:33

Health: 0/34       AC:  3    Str: 11    XL:     4   Next: 80%
Magic:  7/7        EV: 13    Int: 15    God:
Gold:   76         SH:  0    Dex: 16    Spells: 3/7 levels left

rFire    . . .     SeeInvis +   a - +0 short sword
rCold    . . .     Gourm    .   (no shield)
rNeg     . . .     Faith    .   b - +0 leather armour
rPois    .         Spirit   .   (no helmet)
rElec    .         Reflect  .   (no cloak)
rCorr    .         Harm     .   (no gloves)
MR       .....                  (no boots)
Stlth    ++........             (no amulet)
HPRegen  0.31/turn              k - +3 ring of dexterity
MPRegen  0.10/turn              (no ring)

@: regenerating quickly
A: no food, fangs 3, see invisible, unbreathing
a: Exsanguinate


You were on level 3 of the Dungeon.
You were alive.

You visited 1 branch of the dungeon, and saw 3 of its levels.

You collected 76 gold pieces.

Inventory:

Hand Weapons
 a - a +0 short sword (weapon)
Missiles
 e - 196 stones (quivered)
 r - 8 boomerangs
Armour
 b - a +0 leather armour (worn)
Jewellery
 k - a +3 ring of dexterity (left hand)
Scrolls
 d - a scroll of enchant armour {unknown}
 f - a scroll of random uselessness {unknown}
 g - 2 scrolls of enchant weapon {unknown}
 h - a scroll of amnesia {unknown}
 j - 2 scrolls of teleportation {unknown}
 l - a scroll of fog {unknown}
 m - 2 scrolls of magic mapping {unknown}
Potions
 c - 2 potions of mutation {unknown}
 i - a potion of haste {unknown}
 n - 2 potions of magic {unknown}
 o - a potion of curing {unknown}
 p - a potion of lignification
 q - a potion of heal wounds {unknown}


   Skills:
 + Level 2.7 Fighting
 + Level 3.3 Short Blades
 - Level 0.7 Armour
 - Level 3.3 Dodging
 + Level 3.3 Stealth
 - Level 2.0 Spellcasting
 + Level 3.3 Charms
 + Level 0.0 Necromancy


You had 3 spell levels left.
You knew the following spells:

 Your Spells              Type           Power        Failure   Level  Hunger
a - Infusion              Chrm           ##..         8%          1    N/A
R - Regeneration          Chrm/Necr      #.........   41%         3    N/A

Your spell library contained the following spells:

 Spells                   Type           Power        Failure   Level  Hunger
 Song of Slaying          Chrm           ##......     11%         2    N/A
 Shroud of Golubria       Chrm/Tloc      #.....       22%         2    N/A
 Spectral Weapon          Hex/Chrm       #.......     41%         3    N/A

Dungeon Overview and Level Annotations

Branches:
Dungeon (3/15)

Altars:


Innate Abilities, Weirdness & Mutations

You do not eat.
Your natural rate of healing is unusually fast.
You have razor-sharp teeth.
You have supernaturally acute eyesight. (SInv)
You can survive without breathing.


Message History

You now have 76 gold pieces (gained 11).
r - 8 boomerangs A worm comes into view.
You see here a fuming cyan potion.
A rat and an orc come into view.
An orc priest comes into view. It is wielding a +0 flail.
The orc shouts!
You hear a shout!
n - 2 fuming cyan potions (gained 1)
The orc priest miscasts a cantrip.
An orc priest comes into view.
The orc priest mumbles some strange prayers to Beogh against you.
Beogh smites you!
The orc priest shouts!
The orc priest looks satisfied for a moment.
The orc priest invokes the aid of Beogh against you.
Beogh smites you!
* * * LOW HITPOINT WARNING * * *
The orc priest mumbles some strange prayers to Beogh against you.
Beogh smites you!
You die...

#...........##
.....##
#.##.o..###..##.####
...
####..o...........
#...
...o####.####....
.o...
###.$.........#
......
.......#.o#####
..o....
.....o.##..####
.......
##..........>#######
###..@#####.......##
###.# ##.........##
#.# #.......<...#
#.. #.........†.#
##. #.............
#.##........>### .
##...#...## #.
#########


You could see 2 orc priests and an orc.

Vanquished Creatures
  Natasha (thrice) (D:2)
  An adder (D:2)
  A worm (D:3)
  A dart slug (D:1)
  2 leopard geckos (D:2)
  2 ball pythons (D:2)
  5 bats
  2 giant cockroaches (D:1)
  3 goblins (D:1)
  4 hobgoblins
  2 jackals (D:2)
  2 kobolds (D:1)
  A quokka (D:2)
  2 rats
31 creatures vanquished.

Notes
Turn   | Place    | Note
-------+----------+-------------------------------------------
     0 | D:1      | Destapler the Vampire Skald began the quest for the Orb.
     0 | D:1      | Reached XP level 1. HP: 16/16 MP: 3/3
   205 | D:1      | Reached skill level 1 in Stealth
   226 | D:1      | Reached XP level 2. HP: 12/22 MP: 5/5
   878 | D:2      | Reached XP level 3. HP: 23/27 MP: 6/6
   931 | D:2      | Noticed Natasha
  1141 | D:2      | Killed Natasha
  1141 | D:2      | Reached XP level 4. HP: 15/34 MP: 0/7
  1207 | D:2      | Learned a level 3 spell: Regeneration
  1207 | D:2      | Noticed Natasha
  1213 | D:2      | Killed Natasha
  1276 | D:2      | Noticed Natasha
  1290 | D:2      | Killed Natasha
  1732 | D:3      | Killed from afar by an orc priest

Levels and vault maps discovered:
D:1:      dpeg_arrival_radiant, layout_loops_ring, minmay_tetromino_t2
D:2:      layout_rooms, first_ration, corexii_item_surrounded_by_moat,
          uniq_natasha
D:3:      layout_rooms, biasface_ghost_orc_armoury, minmay_cupped, uniq_robin,
          uniq_sigmund

Skill      XL: |  1  2  3  4 |
---------------+-------------+-----
Stealth        | 1 2 3 |  3.3
Fighting       | 2 |  2.7
Short Blades   | 3 |  3.3
Dodging        | 3 |  3.3
Armour         | |  0.7
Spellcasting   | |  2.0
Charms         | |  3.3

Action                   |  1- 3 |  4- 6 || total
-------------------------+-------+-------++-------
Melee: Short sword       |    90 |    20 ||   110
       Bite              |     6 |     2 ||     8
 Cast: Infusion          |     2 |     2 ||     4
  Use: Potion            |       |     1 ||     1
 Stab: Sleeping          |     3 |     1 ||     4
Armor: Leather armour    |    10 |     2 ||    12
       Skin              |       |     3 ||     3
Dodge: Dodged            |    55 |     5 ||    60
